 Dungeon Crawl Stone Soup version 0.18-a0-316-gf882de5 (webtiles) character file.

522573 Rememberthe6billion the Spry (level 25, 204/216 HPs)
             Began as a Vampire Assassin on Nov 26, 2015.
             Was the Champion of Dithmenos.
             Sank and fell apart
             ... on level 4 of the Shoals on Nov 27, 2015.
             The game lasted 05:06:56 (81347 turns).

Rememberthe6billion the Spry (Vampire Assassin)    Turns: 81347, Time: 05:06:57

Health: 204/216    AC: 21    Str: 10    XL:     25   Next: 15%
Magic:  42/44      EV: 29    Int: 25    God:    Dithmenos [******]
Gold:   1739       SH: 11    Dex: 25    Spells: 15 memorised, 2 levels left

rFire  + . .     SeeInvis +     a - +5 dagger (elec)
rCold  + + .     Clarity  +     t - +2 ring mail of the Good {rElec MR+ Int+4 Dex+2}
rNeg   + + +     SustAt   .     j - +4 buckler of Neful {rC+ Stlth+}
rPois  +         Gourm    .     d - +2 hat {Int+3}
rElec  +         Spirit   .     L - +2 cloak
rCorr  +         Warding  .     s - +2 pair of gloves
rMut   .         Stasis   .     S - +2 pair of boots "Cailatz" {+Blink rN+ rCorr}
MR     +++++                    O - amulet of the Four Winds {Clar rN+ MR+++}
Stlth  +++++++++.               r - ring of the Oracle {rF+ rC+ rN+}
                                J - ring of flight

@: very slightly contaminated, regenerating quickly, wreathed by umbra,
invisible, almost entirely resistant to hostile enchantments, incredibly
stealthy
A: fangs 3, icy blue scales 1, see invisible, blink, poison resistance, robust
1, unbreathing
a: Blink, Shadow Step, Shadow Form, Renounce Religion, Evoke Blink, Evoke Flight
}: 1/15 runes: gossamer


You were on level 4 of the Shoals.
You worshipped Dithmenos.
Dithmenos was exalted by your worship.
You were very full.

You visited 9 branches of the dungeon, and saw 48 of its levels.
You also visited: Trove and Ice Cave.

You collected 6615 gold pieces.
You spent 4876 gold pieces at shops.


Innate Abilities, Weirdness & Mutations

Your natural rate of healing is unusually fast.
You have razor-sharp teeth.
You have supernaturally acute eyesight.
You can survive without breathing.
You are partially covered in icy blue scales (AC +1).
You can translocate small distances at will.
Your system is resistant to poisons.
You are robust (+10% HP).


   Skills:
 - Level 16.0 Fighting
 - Level 10.0 Short Blades
 - Level 8.0 Throwing
 - Level 8.0 Armour
 - Level 20.7 Dodging
 - Level 20.0 Stealth
 - Level 5.1 Shields
 + Level 17.8 Spellcasting
 - Level 18.0 Hexes
 - Level 6.2 Transmutations
 - Level 11.5 Invocations
 - Level 12.0 Evocations


You had 2 spell levels left.
You knew the following spells:

 Your Spells              Type           Power        Failure   Level  Hunger
c - Dazzling Spray        Conj/Hex       ######..     1%          3    None
i - Slow                  Hex            #######.     0%          2    None
j - Invisibility          Hex            #######.     1%          6    ###....
s - Swiftness             Chrm/Air       ###.....     10%         2    None
u - Yara's Violent Unrav  Hex/Trmt       ######....   1%          5    None
v - Summon Mana Viper     Hex/Summ       ######..     4%          5    None
x - Tukima's Dance        Hex            #######.     0%          3    None
y - Ensorcelled Hibernat  Hex/Ice        ######       1%          2    None
z - Confuse               Hex            #######.     0%          3    None
D - Darkness              Hex            #######...   1%          6    ###....
G - Silence               Hex/Air        ######....   4%          5    None
N - Passwall              Trmt/Erth      #####.....   4%          3    None
Q - Mass Confusion        Hex            #######...   1%          6    ###....
R - Summon Butterflies    Summ           ###.....     8%          1    None
T - Metabolic Englaciati  Hex/Ice        ######....   4%          5    None

Inventory:

Hand Weapons
 a - a +5 dagger of electrocution (weapon)
 b - a +3 blowgun
Missiles
 c - 2 needles of confusion
 f - 9 curare-tipped needles {=f}
 l - 2 needles of paralysis
 q - 11 throwing nets {=f}
 Q - 18 javelins (quivered)
Armour
 d - a +2 hat of intelligence (worn)
 j - the +4 buckler of Neful (worn) {rC+ Stlth+}

   It protects you from cold.
   It makes you more stealthy.
 s - a +2 pair of gloves (worn)
 t - the +2 ring mail of the Good (worn) {rElec MR+ Int+4 Dex+2}

   It affects your intelligence (+4).
   It affects your dexterity (+2).
   It insulates you from electricity.
   It affects your resistance to hostile enchantments.
 E - the +3 scale mail "Puyt" {rF++ MP+9}

   It greatly protects you from fire.
   It affects your magic capacity (+9).
 L - a +2 cloak (worn)
 S - the +2 pair of boots "Cailatz" (worn) {+Blink rN+ rCorr}

   It protects you from negative energy.
   It lets you blink.
   It protects you from acid and corrosion.
Magical Staves
 w - an uncursed staff of energy {!a}
Jewellery
 e - an uncursed ring of protection from fire
 m - an uncursed ring of sustain attributes
 r - the ring of the Oracle (right hand) {rF+ rC+ rN+}

   [ring of protection from cold]

   It protects you from fire.
   It protects you from cold.
   It protects you from negative energy.
 D - the amulet of Vitality {Regen+ HP+15}

   [amulet of regeneration]

   It affects your health (+15).
   It increases your rate of regeneration.
 J - a ring of flight (left hand)
 O - the amulet of the Four Winds (around neck) {Clar rN+ MR+++}

   [amulet of clarity]

   It provides mental clarity.
   It protects you from negative energy.
   It affects your resistance to hostile enchantments.
Wands
 h - a wand of invisibility (4)
 k - a wand of digging (11)
 B - a wand of hasting (9) {!d@v3}
 I - a wand of invisibility (3)
 M - a wand of disintegration (14)
 N - a wand of teleportation (7) {!d@v4}
 X - a wand of heal wounds (5) {!d@v2}
 Y - a wand of disintegration (7)
Scrolls
 o - 10 scrolls of teleportation {@r4}
 p - 5 scrolls of remove curse
 C - a scroll of brand weapon
 G - 15 scrolls of identify {@r1}
 H - 3 scrolls of summoning
 K - 6 scrolls of blinking
 T - a scroll of enchant weapon
 U - 2 scrolls of vulnerability {!r}
 V - 3 scrolls of magic mapping
 W - a scroll of fog
Potions
 g - 5 potions of magic
 i - 2 potions of cure mutation
 n - 11 potions of curing {@q1}
 u - 10 potions of haste {@q3}
 v - 9 potions of agility
 z - 9 potions of might
 A - 15 potions of heal wounds {@q2}
 F - 3 potions of cancellation
 P - 39 potions of blood {@q4}
 R - a potion of resistance
Miscellaneous
 x - a sack of spiders {used: 2}
 y - a fan of gales
 Z - a stone of tremors

Dungeon Overview and Level Annotations

Branches:
Dungeon (15/15)            Temple (0/1) D:6            Lair (8/8) D:10
 Shoals (4/4) Lair:4       Spider (4/4) Lair:4        Slime (1/6) Lair:6
    Orc (4/4) D:10            Elf (3/3) Orc:4        Vaults (4/5) D:14
  Crypt (0/3) Vaults:3     Depths (5/5) D:15            Zot (0/5) Depths:5

Altars:
Ashenzari
Cheibriados
Dithmenos
Gozag
Kikubaaqudgha
Nemelex Xobeh
Qazlal
Ru
Sif Muna
Trog
Vehumet
Zin
The Shining One
Beogh

Shops:
D:4 *   D:5 (   D:11 !   Orc:1 %   Orc:3 *   Orc:4 :![*   Vaults:2 %
Vaults:3 [

Portals:
Hell: Depths:1 Depths:2 Depths:3 Depths:4 Depths:5
Abyss: Depths:1 Depths:4 Depths:5
Pandemonium: Depths:3
Ziggurat: Depths:3

Annotations:
D:10 exclusions: downstairs and upstairs
Lair:1 exclusions: downstairs and 7 more exclusions
Lair:3 exclusion: downstairs
Slime:1 exclusion: azure jelly
Vaults:2 exclusions: ettin, fire dragon, orc knight and sphinx
Vaults:3 exclusion: downstairs
Depths:1 exclusion: downstairs
Depths:4 Mara

▒...≈≈≈≈≈≈≈≈≈≈≈≈≈≈≈≈≈
▒...≈≈≈≈...≈≈≈≈≈≈≈≈≈≈
▒▒▒▒≈≈≈≈...≈≈≈≈≈≈≈≈≈≈
▒▒▒▒▒▒▒.≈≈≈≈≈≈≈≈≈≈
▒▒≈≈≈≈≈▒▒.<≈≈≈≈≈≈≈≈
▒▒≈▒....≈▒▒..≈≈≈≈...
▒≈▒}.≈≈..≈▒.........
▒≈.(≈≈≈▒..▒.........
▒≈.V≈▒▒≈..▒.....≈≈≈.
▒≈.≈≈▒≈.▒.▒.....≈≈≈.
▒≈..▒≈....▒.....≈≈≈.
▒▒≈...▒..▒......≈≈≈≈
▒▒▒≈....▒.....≈≈≈≈≈≈
▒.▒▒▒▒▒▒.....≈≈≈≈≈≈≈
▒▒............≈≈≈≈≈≈≈
▒▒▒▒▒▒..............≈≈≈≈≈≈
....................≈≈≈≈≈≈


There were no monsters in sight!


Message History

The merfolk javelineer is severely wounded.
Your shadow completely misses the merfolk javelineer.
You strike the helpless merfolk javelineer from behind!
You perforate the merfolk javelineer like a sieve!!!
You kill the merfolk javelineer!
Dithmenos accepts your kill.
You hear a splash. x3
You block the merfolk's attack.
Things that are here:
a javelin of returning; a trident; a merfolk corpse Failed to move towards target.
Failed to move towards target.
A rock wall.
This square is wreathed by an umbra.
Are you sure you want to fly over deep water while you are losing your buoyancy? [Y]es or [N]o only, please.
Are you sure you want to fly over deep water while you are losing your buoyancy?
You barely miss the merfolk.
The merfolk is lightly wounded.
You hit the merfolk. You bite the merfolk.
The merfolk is moderately wounded.
The merfolk misses you.
You strike the helpless merfolk from behind!
You spit the merfolk like a pig!!!
There is a sudden explosion of sparks!
You kill the merfolk!
Dithmenos accepts your kill.
You hear a splash.
You float gracefully downwards.
You fall into the water!
You sink like a stone!
You fall apart...
You die...

Action                   |  1- 3 |  4- 6 |  7- 9 | 10-12 | 13-15 | 16-18 | 19-21 | 22-24 | 25-27 || total
-------------------------+-------+-------+-------+-------+-------+-------+-------+-------+-------++-------
Melee: Dagger            |    87 |   114 |   371 |   791 |  2399 |  1562 |  2177 |  1473 |   113 ||  9087
       Falchion          |       |    10 |       |       |       |       |       |       |       ||    10
       Quick blade       |       |       |       |       |    54 |       |    26 |    37 |       ||   117
 Fire: Blowgun           |       |     6 |       |    21 |    36 |     2 |   107 |     1 |       ||   173
Throw: Javelin           |       |     1 |     1 |     2 |    23 |    97 |    48 |     7 |       ||   179
       Throwing net      |       |       |       |       |       |       |     9 |       |       ||     9
 Cast: Invisibility      |       |       |       |       |    22 |    17 |     4 |     6 |     3 ||    52
       Dazzling Spray    |       |       |       |       |    29 |   140 |   231 |   176 |     7 ||   583
       Ensorcelled Hiber |       |       |       |       |     1 |   105 |    16 |     8 |     2 ||   132
       Confuse           |       |       |       |       |       |    41 |    63 |   116 |     4 ||   224
       Tukima's Dance    |       |       |       |       |       |    14 |   104 |    10 |       ||   128
       Metabolic Englaci |       |       |       |       |       |       |       |     5 |       ||     5
       Yara's Violent Un |       |       |       |       |       |       |       |     2 |       ||     2
       Summon Butterflie |       |       |       |       |       |       |       |     1 |       ||     1
       Summon Mana Viper |       |       |       |       |       |       |       |     6 |       ||     6
       Slow              |       |       |       |       |       |       |       |     3 |       ||     3
Invok: Shadow Step       |       |       |       |     6 |     4 |    22 |     5 |     4 |     2 ||    43
 Abil: Evoke Blink       |       |       |       |       |       |       |     3 |       |       ||     3
       Evoke Flight      |       |       |       |       |       |       |       |    21 |     7 ||    28
       Stop Flying       |       |       |       |       |       |       |       |     4 |     3 ||     7
Evoke: Stone of tremors  |       |       |       |       |     2 |     3 |     1 |     2 |       ||     8
       Wand              |       |       |       |       |       |    19 |     5 |     2 |       ||    26
       Sack of spiders   |       |       |       |       |       |       |       |     2 |       ||     2
       Rod               |       |       |       |       |       |       |       |     1 |       ||     1
       Staff of energy   |       |       |       |       |       |       |       |     8 |       ||     8
  Use: Potion            |    11 |     8 |    18 |    29 |   102 |    62 |    83 |    66 |     6 ||   385
       Scroll            |       |       |    15 |     7 |    16 |     9 |     9 |    14 |       ||    70
 Stab: Sleeping          |    13 |     5 |    21 |    44 |   133 |   194 |   141 |    78 |    19 ||   648
       Distracted        |     1 |     2 |       |     2 |    18 |    16 |    19 |    16 |       ||    74
       Invisible         |       |       |       |       |    86 |   126 |    60 |    93 |    14 ||   379
       Confused          |       |       |       |       |       |    28 |    53 |    90 |     3 ||   174
       Held in net/web   |       |       |       |       |       |       |     6 |       |       ||     6
       Paralysed         |       |       |       |       |       |       |       |     1 |       ||     1

Vault maps used:
D:1:      dpeg_arrival_shelter, minmay_crystal_room, st_stairs_6,
          minmay_stone_trees_small
D:2:      nicolae_qazlal_general_emergency, tso_metal_star, minmay_statues_item,
          kennysheep_generic_room_15, uniq_jessica
D:3:      gammafunk_temple_overflow_pools, minivault_4, kennysheep_potato
D:4:      nicolae_gozag_cash_rules_everything_around_me, serial_shops,
          nicolae_shop_overgrown_old_shop, first_bread, uniq_duvessa,
          uniq_edmund
D:5:      nemelex_deck, serial_shops, shop, grunt_decor_cap, uniq_blork_the_orc
D:6:      minmay_temple_entry_junction, kennysheep_generic_room_12, uniq_pikel,
          uniq_grinder
D:8:      nicolae_overflow_crystal_walls
D:9:      vehumet_altar_wand_db, nicolae_ru_awakened_eye, marbit_many_paths,
          uniq_maurice
D:10:     grunt_lair_entry_elf_guard_hut, hangedman_pestilent_swarm
D:11:     serial_shops, nicolae_shop_crystal
D:14:     lightli_vaults_fourway_checkpoint, serial_co_window_serial,
          co_window_paths_a, co_window_paths_a, co_window_paths_a,
          co_window_of_opportunity_a, co_window_of_opportunity_a,
          co_window_paths_a, co_window_paths_a, co_window_unsneaky_path_a,
          co_window_of_opportunity_b, co_window_corner_b, co_window_corner_cb,
          co_window_corner_b, co_window_4corner_a, glass_columns_a,
          glass_columns_a, glass_columns_a, roderic_roman_lattice
D:15:     hangedman_depths_entry_civil_slaughter, minmay_misc_feat_four_crosses
Lair:1:   disabler_island, serial_bayou_shore_b
Lair:3:   st_stairs_10, hibernation_bobbens, uniq_harold, uniq_fannar
Lair:4:   minmay_shoals_entry_hut, dummy_spider_entry, minivault_29
Lair:5:   infiniplex_staircase_pool
Lair:6:   nicolae_slime_entry_slimehenge
Lair:7:   beast_lair_carwin_10
Lair:8:   due_jungle_book, serial_bayou, serial_bayou_pond_c,
          serial_bayou_pond_e, serial_bayou_pond_a, serial_bayou_pond_c,
          serial_bayou_pond_c, guppyfry_lair_drakes
Shoals:1: nicolae_shoals_wave_tunnel
Shoals:3: hangedman_shoal_volcano, uniq_polyphemus
Shoals:4: shoals_end_hangedman, shoal_ilsuiw
Spider:1: uniq_josephine
Spider:3: spider_trap, hangedman_spider_tarantella_strand, uniq_donald
Spider:4: spider_rune_water
Orc:1:    serial_shops, nicolae_shop_stone,
          portal_ice_cave_entry_animals_and_master, nicolae_orc_damp_corner
Orc:2:    uniq_urug, uniq_gastronok
Orc:3:    serial_shops, nicolae_shop_overgrown_old_shop, basic_altar,
          nicolae_orc_pool_cavern
Orc:4:    st_orc_open, basic_altar
Elf:1:    minmay_elf_annihilation
Elf:2:    guppyfry_elf_altar
Elf:3:    minmay_elf_hall_hex
Vaults:1: vaults_room_corners, ontoclasm_vaults_chip, hangedman_vaults_cutoff,
          vaults_room_stairs_pillars, grunt_vaults_diagonal, v_misc_10,
          nicolae_vaults_little_squares_5, uniq_wiglaf
Vaults:2: nicolae_vaults_arrows, vaults_mumra_hexcomb, v_misc_9,
          dpeg_vaults_pockets_of_resistance, v_misc_11, hangedman_vaults_maws,
          nicolae_vaults_ring_of_whatevers, v_misc_28, serial_shops,
          nicolae_shop_crystal
Vaults:3: v_misc_15, minmay_crypt_entry_simple_box, vaults_dpeg_ring,
          v_alt_pattern_2, vaults_standard_mumra_lines, grunt_vaults_swirl,
          nicolae_vaults_three_branches, hangedman_vaults_trim,
          ontoclasm_vaults_eye, st_lines, grunt_vaults_focal,
          vaults_room_semicircle, serial_shops, shop
Vaults:4: nicolae_vaults_mini_display_case, hangedman_vaults_capsules,
          hangedman_vaults_stretched_pinwheel, ontoclasm_vaults_ring_small,
          nicolae_vaults_puzzle_piece, ontoclasm_vaults_gateway,
          ontoclasm_vaults_loading_screen, vaults_dpeg_diagonal,
          nicolae_vaults_hallways_thing, hangedman_vaults_trim,
          hangedman_vaults_stitches, v_misc_5, nicolae_vaults_circle_grid_b,
          nicolae_vaults_little_squares_6
Depths:1: abyss_entry, hangedman_coc_ice_floe, kennysheep_four_rooms,
          grunt_megastairs_5
Depths:2: evilmike_negative_zone, minmay_misc_feat_pillars,
          grunt_mini_vestibule, grunt_megastairs_1
Depths:3: hangedman_slaughterboxes, pan_entry, hell_entry, serial_shops
Depths:4: minmay_skeletal_surprise, grunt_hell_entry_dis_grunt, abyss_entry,
          minmay_door_square, kennysheep_generic_room_16, uniq_mara,
          uniq_saint_roka
Depths:5: evilmike_zot_entry_hall, nicolae_trove_entry_crystal,
          abyss_entry_crystal, hangedman_decor_diamond_cutter,
          pf_hell_entry_tar_spiral, serial_bayou_shore_b, uniq_boris
Trove:    trove_jewellery_lava
IceCv:    ice_cave_small_demon

Notes
Turn   | Place    | Note
--------------------------------------------------------------
     0 | D:1      | Rememberthe6billion the Vampire Assassin began the quest for the Orb.
     0 | D:1      | Reached XP level 1. HP: 16/16 MP: 1/1
   217 | D:1      | Reached skill level 6 in Stealth
   244 | D:1      | Reached XP level 2. HP: 22/22 MP: 2/2
   349 | D:1      | You fall through a shaft!
   373 | D:2      | Found a glowing golden altar of the Shining One.
   407 | D:2      | Found a stormy altar of Qazlal.
  1025 | D:2      | Reached skill level 3 in Short Blades
  1099 | D:2      | Reached XP level 3. HP: 25/27 MP: 3/3
  1220 | D:2      | Noticed Jessica
  1225 | D:2      | Killed Jessica
  1225 | D:2      | Reached skill level 7 in Stealth
  1496 | D:3      | Reached XP level 4. HP: 33/33 MP: 4/4
  1726 | D:3      | Reached skill level 4 in Short Blades
  2090 | D:3      | Found a shadowy altar of Dithmenos.
  2090 | D:3      | Found a bloodstained altar of Trog.
  2106 | D:3      | Became a worshipper of Dithmenos the Shadowed
  2163 | D:4      | Reached XP level 5. HP: 36/38 MP: 5/5
  2196 | D:4      | HP: 1/38 [hound (4)]
  2235 | D:4      | Reached skill level 5 in Short Blades
  2235 | D:4      | HP: 3/38 [gnoll/spear (5)]
  2535 | D:4      | Found an opulent altar of Gozag.
  2571 | D:4      | Noticed Duvessa
  2573 | D:4      | Noticed Dowan
  2616 | D:4      | HP: 1/38 [Duvessa/short sword of flaming (5)]
  2617 | D:4      | Killed Duvessa
  2617 | D:4      | Reached skill level 6 in Short Blades
  2617 | D:4      | Reached XP level 6. HP: 1/44 MP: 6/6
  2855 | D:4      | Killed Dowan
  2888 | D:4      | Found Kimoklio's Assorted Antiques.
  2922 | D:4      | Reached skill level 7 in Short Blades
  3114 | D:4      | Noticed Edmund
  3117 | D:4      | Killed Edmund
  3117 | D:4      | Reached XP level 7. HP: 49/49 MP: 7/7
  3129 | D:4      | Reached skill level 8 in Short Blades
  3411 | D:5      | Entered Level 5 of the Dungeon
  3465 | D:5      | Reached * piety under Dithmenos
  3512 | D:5      | Noticed Blork the orc
  3523 | D:5      | Killed Blork the orc
  3615 | D:5      | Found Borebbed's Antique Weapon Shoppe.
  3639 | D:5      | Learned a level 2 spell: Swiftness
  3728 | D:5      | Reached skill level 9 in Short Blades
  4172 | D:5      | Found a sparkling altar of Nemelex Xobeh.
  4331 | D:6      | Reached XP level 8. HP: 52/55 MP: 8/8
  4354 | D:6      | Reached skill level 10 in Short Blades
  4403 | D:6      | Noticed Pikel
  4428 | D:6      | Killed Pikel
  4428 | D:6      | Reached skill level 4 in Fighting
  4451 | D:6      | Reached skill level 5 in Fighting
  4612 | D:6      | Learned a level 3 spell: Confuse
  4614 | D:6      | Noticed Grinder
  4619 | D:6      | Killed Grinder
  4619 | D:6      | Reached skill level 6 in Fighting
  4678 | D:6      | Reached skill level 2 in Dodging
  4689 | D:6      | Reached XP level 9. HP: 48/69 MP: 9/9
  4696 | D:6      | Reached ** piety under Dithmenos
  4768 | D:6      | Found a staircase to the Ecumenical Temple.
  4784 | D:6      | Reached skill level 3 in Dodging
  4901 | D:6      | Reached skill level 4 in Dodging
  5032 | D:6      | Reached skill level 5 in Dodging
  5343 | D:7      | Reached skill level 6 in Dodging
  5376 | D:7      | Reached skill level 1 in Armour
  5487 | D:7      | Reached skill level 2 in Armour
  5568 | D:7      | Got a steaming scale mail
  5604 | D:7      | Reached skill level 3 in Armour
  5911 | D:8      | Reached skill level 4 in Armour
  6061 | D:8      | Reached *** piety under Dithmenos
  6218 | D:8      | You fall through a shaft for 2 floors!
  6218 | D:10     | Entered Level 10 of the Dungeon
  6258 | D:10     | Reached skill level 5 in Armour
  6500 | D:9      | Found a sacrificial altar of Ru.
  6548 | D:9      | Reached XP level 10. HP: 76/76 MP: 10/10
  6629 | D:9      | Noticed Maurice
  6642 | D:9      | Killed Maurice
  6642 | D:9      | Reached skill level 6 in Armour
  6829 | D:8      | Found a glowing silver altar of Zin.
  7106 | D:9      | Reached skill level 7 in Armour
  7192 | D:9      | Found a radiant altar of Vehumet.
  7586 | D:9      | Reached skill level 8 in Armour
  7590 | D:9      | Reached **** piety under Dithmenos
  7607 | D:9      | Reached skill level 8 in Stealth
  7909 | D:9      | Reached skill level 9 in Stealth
  7919 | D:9      | Found a deep blue altar of Sif Muna.
  8013 | D:10     | Reached skill level 10 in Stealth
  8184 | D:10     | Found a staircase to the Lair.
  8188 | D:10     | Reached skill level 11 in Stealth
  8203 | D:10     | Found a staircase to the Orcish Mines.
  8466 | D:10     | Reached XP level 11. HP: 81/81 MP: 11/11
  8624 | D:10     | Reached skill level 12 in Stealth
  8881 | Lair:1   | Entered Level 1 of the Lair of Beasts
  9297 | Lair:1   | Reached skill level 13 in Stealth
  9344 | Lair:1   | Identified a wand of hasting
  9401 | Lair:1   | Reached skill level 1 in Invocations
  9505 | Lair:1   | Reached ***** piety under Dithmenos
  9505 | Lair:1   | Reached skill level 2 in Invocations
  9665 | Lair:1   | Reached skill level 1 in Hexes
  9719 | Lair:2   | Reached skill level 3 in Hexes
  9763 | Lair:2   | Reached skill level 4 in Hexes
  9797 | Lair:2   | Learned a level 3 spell: Tukima's Dance
 10113 | Lair:2   | Reached skill level 5 in Hexes
 10166 | Lair:2   | Reached skill level 6 in Hexes
 10188 | Lair:2   | Reached skill level 7 in Hexes
 10216 | Lair:2   | Reached skill level 8 in Hexes
 10680 | Lair:3   | Reached skill level 9 in Hexes
 10849 | Lair:3   | Reached skill level 10 in Hexes
 10900 | Lair:3   | Reached skill level 11 in Hexes
 11024 | Lair:3   | Reached skill level 1 in Spellcasting
 11068 | Lair:3   | Noticed Harold
 11096 | Lair:3   | Reached skill level 2 in Spellcasting
 11251 | Lair:3   | Learned a level 6 spell: Invisibility
 11304 | Lair:3   | Reached XP level 12. HP: 88/88 MP: 8/15
 11466 | Lair:3   | Noticed a five-headed hydra
 11467 | Lair:3   | Killed a five-headed hydra
 11467 | Lair:3   | Reached skill level 12 in Hexes
 11596 | Lair:3   | Noticed Fannar
 11651 | Lair:3   | Killed Fannar
 11988 | Lair:3   | Reached skill level 13 in Hexes
 12313 | Lair:3   | Killed Harold
 12382 | Lair:4   | Noticed an eight-headed hydra
 12435 | Lair:4   | Identified a potion of experience
 12437 | Lair:4   | Reached skill level 17 in Hexes
 12437 | Lair:4   | Reached XP level 13. HP: 93/93 MP: 16/16
 12450 | Lair:4   | Identified the cursed +0 scale mail "Nagrops" {rPois rC+} (You found it on level 7 of the Dungeon)
 12626 | Lair:4   | Reached skill level 3 in Spellcasting
 12686 | Lair:4   | Found a hole to the Spider Nest.
 12697 | Lair:4   | Reached skill level 4 in Spellcasting
 13098 | Lair:4   | Reached skill level 5 in Spellcasting
 13483 | Lair:4   | Reached skill level 6 in Spellcasting
 13752 | Lair:4   | Reached skill level 7 in Spellcasting
 13931 | Lair:4   | Found a staircase to the Shoals.
 14208 | Lair:5   | Reached skill level 8 in Spellcasting
 14215 | Lair:5   | Learned a level 2 spell: Ensorcelled Hibernation
 14219 | Lair:5   | Learned a level 3 spell: Dazzling Spray
 14658 | Lair:4   | Reached skill level 7 in Fighting
 14857 | Lair:5   | Reached XP level 14. HP: 100/103 MP: 26/26
 15527 | Lair:5   | Reached skill level 8 in Fighting
 15861 | Lair:6   | Found a staircase to the Slime Pits.
 16354 | Lair:6   | Reached skill level 9 in Fighting
 17071 | Lair:7   | Reached skill level 10 in Fighting
 17374 | Lair:7   | Reached skill level 2 in Throwing
 17572 | Lair:7   | Reached skill level 3 in Throwing
 17583 | Lair:7   | Got a pair of crude boots
 17589 | Lair:7   | Identified the +2 pair of boots "Cailatz" {+Blink rN+ rCorr} (You found it on level 7 of the Lair of Beasts)
 18170 | Lair:7   | Reached skill level 4 in Throwing
 18375 | Lair:8   | Entered Level 8 of the Lair of Beasts
 18713 | Lair:8   | Reached skill level 5 in Throwing
 18750 | Lair:8   | Reached ****** piety under Dithmenos
 19042 | Lair:8   | Reached skill level 6 in Throwing
 19655 | Lair:8   | Gained mutation: You can spit weak poison. [potion of beneficial mutation]
 19697 | Lair:8   | Reached skill level 7 in Throwing
 19766 | Lair:8   | Got a pair of spiked boots
 20150 | Lair:7   | Reached skill level 8 in Throwing
 20150 | Lair:7   | Reached XP level 15. HP: 52/115 MP: 20/27
 20636 | Lair:8   | Reached skill level 7 in Dodging
 21284 | Lair:8   | Identified the cursed +0 pair of boots of Omoagan {Str+4} (You found it on level 8 of the Lair of Beasts)
 21337 | Lair:7   | Learned a level 5 spell: Yara's Violent Unravelling
 21668 | Orc:1    | Entered Level 1 of the Orcish Mines
 21706 | Orc:1    | Reached skill level 1 in Transmutations
 21825 | Orc:1    | Found Nije's Food Boutique.
 21995 | Orc:2    | Reached skill level 2 in Transmutations
 22030 | Orc:2    | Noticed Gastronok
 22058 | Orc:2    | Killed Gastronok
 22058 | Orc:2    | Reached skill level 3 in Transmutations
 22182 | Orc:3    | Found Oplatzej's Assorted Antiques.
 22187 | Orc:3    | Found a roughly hewn altar of Beogh.
 22263 | Orc:1    | Found a frozen archway.
 22284 | Orc:1    | Reached skill level 4 in Transmutations
 22316 | IceCv    | Entered an ice cave
 23456 | IceCv    | Reached skill level 5 in Transmutations
 23786 | IceCv    | Got a polished plate armour
 23803 | IceCv    | Identified a +1 ice dragon armour (You found it in an ice cave)
 23823 | IceCv    | Identified the +5 plate armour of Weyqierghi {Dex+9} (You found it in an ice cave)
 24711 | Orc:3    | Bought a potion of heal wounds for 185 gold pieces
 24711 | Orc:3    | Bought a purple potion for 33 gold pieces
 25405 | Orc:4    | Entered Level 4 of the Orcish Mines
 25433 | Orc:4    | Reached skill level 6 in Transmutations
 25503 | Orc:4    | Found a staircase to the Elven Halls.
 25593 | Orc:4    | HP: 5/115 [deep troll (10)]
 26443 | Orc:3    | Reached skill level 8 in Dodging
 26804 | Orc:4    | Reached skill level 9 in Dodging
 27094 | Orc:4    | Found Guehell's Book Shoppe.
 27170 | Orc:4    | Found Nihehoh's Distillery.
 27175 | Orc:4    | Found Bihasino's Antique Armour Emporium.
 27176 | Orc:4    | Found Ecyc's Assorted Antiques.
 27178 | Orc:4    | Bought a potion of heal wounds for 70 gold pieces
 27178 | Orc:4    | Bought a potion of heal wounds for 70 gold pieces
 27178 | Orc:4    | Bought a potion of beneficial mutation for 490 gold pieces
 27178 | Orc:4    | Gained mutation: Your flesh is heat resistant. [potion of beneficial mutation]
 27185 | Orc:4    | Bought a pair of embroidered gloves for 117 gold pieces
 27330 | Orc:4    | Bought a gold wand for 140 gold pieces
 27410 | Orc:4    | Found a roughly hewn altar of Beogh.
 27878 | D:4      | Bought an ancient ring mail for 306 gold pieces
 27878 | D:4      | Bought a scroll of enchant armour for 255 gold pieces
 27878 | D:4      | Bought a potion of haste for 340 gold pieces
 27878 | D:4      | Bought a scroll of teleportation for 102 gold pieces
 27878 | D:4      | Bought a potion of agility for 136 gold pieces
 27888 | D:4      | Identified the +2 ring mail of the Good {rElec MR+ Int+4 Dex+2} (You bought it in a shop on level 4 of the Dungeon)
 28034 | D:11     | Found Cusk's Distillery.
 28083 | D:11     | Bought a potion of heal wounds for 65 gold pieces
 28216 | D:11     | Reached skill level 10 in Dodging
 29039 | Orc:2    | Noticed Urug
 29062 | Orc:2    | Killed Urug
 29690 | D:12     | Reached skill level 11 in Dodging
 29899 | D:12     | Reached skill level 1 in Evocations
 30028 | D:13     | Reached skill level 2 in Evocations
 30073 | D:13     | Reached skill level 3 in Evocations
 30222 | D:13     | Reached skill level 4 in Evocations
 30706 | D:14     | Reached skill level 5 in Evocations
 30767 | D:14     | Reached XP level 16. HP: 122/122 MP: 28/28
 30997 | D:14     | Found a gate to the Vaults.
 31058 | D:14     | Reached skill level 6 in Evocations
 31305 | D:14     | Reached skill level 7 in Evocations
 31639 | D:15     | Entered Level 15 of the Dungeon
 31863 | D:15     | Reached skill level 8 in Evocations
 32286 | D:15     | Found a staircase to the Depths.
 32293 | D:15     | Reached skill level 9 in Evocations
 33185 | Shoals:1 | Entered Level 1 of the Shoals
 35153 | Spider:1 | Entered Level 1 of the Spider Nest
 36111 | Spider:1 | Reached skill level 10 in Evocations
 36516 | Spider:1 | Reached skill level 11 in Fighting
 36836 | Spider:1 | Upgraded the game from 0.18-a0-270-ga9d907f to 0.18-a0-316-gf882de5
 36892 | Spider:1 | Noticed Josephine
 36895 | Spider:1 | Killed Josephine
 37553 | Spider:2 | Reached skill level 3 in Invocations
 37677 | Spider:2 | Reached skill level 4 in Invocations
 38038 | Spider:3 | Noticed Donald
 38043 | Spider:3 | Killed Donald
 38043 | Spider:3 | Reached skill level 5 in Invocations
 38056 | Spider:2 | Reached XP level 17. HP: 100/131 MP: 24/29
 38607 | Spider:3 | Reached skill level 6 in Invocations
 39407 | Spider:4 | Entered Level 4 of the Spider Nest
 39466 | Spider:4 | Reached skill level 7 in Invocations
 39720 | Spider:4 | Gained mutation: Your spells are a little harder to cast, but a little more powerful. [potion of beneficial mutation]
 40102 | Spider:4 | Reached skill level 8 in Invocations
 41852 | Lair:4   | Found a staircase to the Shoals.
 42239 | Spider:4 | Reached skill level 9 in Invocations
 42391 | Spider:4 | Reached skill level 9 in Spellcasting
 43000 | Spider:4 | Got a gossamer rune of Zot
 43419 | Vaults:1 | Entered Level 1 of the Vaults
 43879 | Vaults:1 | Reached skill level 10 in Spellcasting
 43904 | Vaults:1 | Noticed Wiglaf
 43947 | Vaults:1 | Killed Wiglaf
 44236 | Vaults:1 | Reached skill level 11 in Spellcasting
 44557 | Vaults:1 | Reached skill level 18 in Hexes
 44679 | Vaults:1 | Reached XP level 18. HP: 80/138 MP: 16/33
 45201 | Vaults:2 | Found Niruatel's Food Emporium.
 45203 | Vaults:2 | Reached skill level 12 in Dodging
 45751 | Vaults:2 | Reached skill level 13 in Dodging
 46387 | Vaults:2 | Got a fine falchion
 46388 | Vaults:2 | Identified the cursed +1 falchion of Slow Death {drain, rElec rPois} (You found it on level 2 of the Vaults)
 46729 | Vaults:2 | Reached skill level 14 in Dodging
 46845 | Vaults:2 | Reached skill level 12 in Fighting
 48121 | Vaults:3 | Found Loifoph's Armour Shoppe.
 48213 | Vaults:3 | Reached skill level 13 in Fighting
 48222 | Vaults:3 | Got a translucent buckler
 48228 | Vaults:3 | Identified the +4 buckler of Neful {rC+ Stlth+} (You found it on level 3 of the Vaults)
 48774 | Slime:1  | Entered Level 1 of the Pits of Slime
 48776 | Slime:1  | Reached skill level 1 in Shields
 48803 | Lair:6   | Reached skill level 2 in Shields
 49059 | Lair:6   | Gained mutation: Potions and wands are less effective at restoring your health. [a shining eye]
 49072 | Lair:6   | Reached skill level 3 in Shields
 50166 | Vaults:3 | Reached skill level 4 in Shields
 50399 | Vaults:3 | Reached skill level 5 in Shields
 50399 | Vaults:3 | Reached XP level 19. HP: 109/149 MP: 5/34
 50486 | Vaults:3 | Found a staircase to the Crypt.
 51395 | Vaults:4 | Reached skill level 14 in Fighting
 51895 | Vaults:4 | Reached skill level 15 in Fighting
 52707 | Elf:1    | Entered Level 1 of the Elven Halls
 53486 | Elf:1    | Identified the Compendium of Confrontation
 53679 | Elf:1    | Got a warped chain mail
 53690 | Elf:1    | Identified the cursed +1 chain mail of Gozag's Favour {rN+ Slay+2} (You found it on level 1 of the Elven Halls)
 53886 | Elf:2    | Reached skill level 16 in Fighting
 54020 | Elf:2    | Found a deep blue altar of Sif Muna.
 54318 | Elf:2    | Found a huge runed gate.
 54318 | Elf:2    | Found a huge runed gate.
 54328 | Elf:2    | Found a huge runed gate.
 54466 | Elf:2    | Reached skill level 14 in Stealth
 54926 | Elf:2    | Reached skill level 15 in Stealth
 54985 | Elf:2    | Reached XP level 20. HP: 156/164 MP: 17/35
 55448 | Elf:3    | Entered Level 3 of the Elven Halls
 55456 | Elf:3    | Identified a wand of heal wounds
 55558 | Elf:3    | Reached skill level 16 in Stealth
 55935 | Lair:1   | Lost mutation: You can spit weak poison. [potion of cure mutation]
 55935 | Lair:1   | Lost mutation: Potions and wands are less effective at restoring your health. [potion of cure mutation]
 55935 | Lair:1   | Lost mutation: Your spells are a little harder to cast, but a little more powerful. [potion of cure mutation]
 55935 | Lair:1   | Lost mutation: Your flesh is heat resistant. [potion of cure mutation]
 55936 | Lair:1   | Gained mutation: Your system is resistant to poisons. [potion of beneficial mutation]
 55944 | Lair:1   | Learned a level 6 spell: Darkness
 55948 | Lair:1   | Learned a level 3 spell: Passwall
 55954 | Lair:1   | Learned a level 5 spell: Metabolic Englaciation
 56947 | Elf:3    | Reached skill level 10 in Invocations
 57982 | Elf:3    | Reached skill level 11 in Invocations
 59720 | Elf:3    | Gained mutation: Your magical capacity is low (-10% MP). [a neqoxec]
 59902 | Elf:3    | Reached skill level 15 in Dodging
 59935 | Elf:3    | Got a translucent turquoise ring
 59940 | Elf:3    | Identified the ring of the Skies Above {Int+3 Stlth+} (You took it off a deep elf annihilator on level 3 of the Elven Halls)
 59947 | Elf:3    | Gained mutation: You can spit weak poison. [potion of mutation]
 59947 | Elf:3    | Gained mutation: You are partially covered in molten scales (AC +1). [potion of mutation]
 59947 | Elf:3    | Gained mutation: You can translocate small distances at will. [potion of mutation]
 59948 | Elf:3    | Gained mutation: You are weak. (Str -2) [potion of mutation]
 59948 | Elf:3    | Lost mutation: You can spit weak poison. [potion of mutation]
 59948 | Elf:3    | Gained mutation: You are robust (+10% HP). [potion of mutation]
 60177 | Elf:3    | Identified Voidyib's Tome of Calling (You found it on level 3 of the Elven Halls)
 60180 | Elf:3    | Learned a level 1 spell: Summon Butterflies
 60223 | Elf:3    | Identified the Catalogue of Calling
 60236 | Elf:3    | Got a flickering bronze ring
 60238 | Elf:3    | Identified the ring of the Five Gods {Fire rN++ Str+4 Int+3} (You found it on level 3 of the Elven Halls)
 61309 | Depths:1 | Entered Level 1 of the Depths
 61370 | Depths:1 | Found a gateway to Hell.
 61430 | Depths:1 | Lost mutation: You are weak. (Str -2) [potion of cure mutation]
 61430 | Depths:1 | Lost mutation: You are partially covered in molten scales (AC +1). [potion of cure mutation]
 61430 | Depths:1 | Lost mutation: Your magical capacity is low (-10% MP). [potion of cure mutation]
 61528 | Depths:1 | Reached skill level 16 in Dodging
 61559 | Depths:1 | Found a one-way gate to the infinite horrors of the Abyss.
 62948 | Depths:1 | Reached XP level 21. HP: 188/188 MP: 36/36
 63150 | Depths:1 | Reached skill level 17 in Dodging
 63746 | Depths:2 | Reached skill level 17 in Stealth
 64157 | Depths:2 | Got a brightly glowing bone amulet
 64209 | Depths:2 | Reached skill level 18 in Stealth
 65036 | Depths:2 | Reached skill level 19 in Stealth
 65294 | Depths:2 | Identified the amulet "Cakleg" {Clar SInv} (You found it on level 2 of the Depths)
 65311 | Depths:2 | Got a slimy long sword
 65312 | Depths:2 | Identified the +11 long sword "Xookeh" {speed, *Confuse rElec Dex+2} (You found it on level 2 of the Depths)
 65363 | Depths:2 | Found an ancient bone altar of Kikubaaqudgha.
 65617 | Depths:2 | Reached skill level 20 in Stealth
 66126 | Depths:2 | Reached skill level 18 in Dodging
 67081 | Depths:3 | Reached XP level 22. HP: 195/195 MP: 37/37
 67188 | Depths:3 | Reached skill level 19 in Dodging
 67215 | Depths:3 | HP: 18/195 [spriggan defender (18)]
 67586 | Depths:3 | Found a shattered altar of Ashenzari.
 67589 | Depths:3 | Found a gateway to a ziggurat.
 67589 | Depths:3 | Found a one-way gate leading to the halls of Pandemonium.
 67589 | Depths:3 | Found a snail-covered altar of Cheibriados.
 67804 | Depths:3 | Found a stormy altar of Qazlal.
 68087 | Depths:3 | Reached skill level 20 in Dodging
 68228 | Depths:3 | Gained mutation: You are partially covered in icy blue scales (AC +1). [you]
 69505 | Depths:3 | Reached skill level 11 in Evocations
 69759 | Depths:3 | Identified a scroll of acquirement
 70115 | Depths:3 | Reached skill level 12 in Evocations
 70161 | Depths:3 | Learned a level 2 spell: Slow
 70533 | Depths:4 | Identified a potion of resistance
 71343 | Depths:4 | Reached XP level 23. HP: 202/202 MP: 38/38
 71436 | Depths:4 | Reached skill level 12 in Spellcasting
 71905 | Depths:4 | Noticed Mara
 71915 | Depths:4 | Noticed Rememberthe6billion's illusion
 72012 | Depths:4 | Noticed Saint Roka
 72032 | Depths:4 | Killed Saint Roka
 72518 | D:11     | Bought 2 potions of cure mutation for 910 gold pieces
 72518 | D:11     | Bought a potion of experience for 650 gold pieces
 72518 | D:11     | Reached skill level 13 in Spellcasting
 72518 | D:11     | Reached XP level 24. HP: 210/210 MP: 39/40
 72564 | Lair:1   | Learned a level 5 spell: Silence
 72654 | Orc:4    | Bought the Papyrus of Beguiling for 1007 gold pieces
 72947 | Spider:3 | Got a creamy pearl robe
 72958 | Spider:3 | Identified the +2 robe of Hysteria {rF- MR+ rCorr Dex-3} (You found it on level 3 of the Spider Nest)
 73571 | Depths:3 | Got a translucent scale mail
 73582 | Depths:3 | Identified the +3 scale mail "Puyt" {rF++ MP+9} (You found it on level 3 of the Depths)
 73718 | Depths:4 | Noticed Rememberthe6billion's illusion
 74221 | Depths:5 | Entered Level 5 of the Depths
 74403 | Depths:5 | Reached skill level 14 in Spellcasting
 75105 | Depths:5 | Found a portal to a secret trove of treasure.
 75264 | Depths:2 | Identified a +2 fire dragon armour (You found it on level 2 of the Depths)
 76423 | Depths:3 | Reached skill level 15 in Spellcasting
 76485 | Depths:5 | You paid a toll of a +5 fire dragon armour to enter a treasure trove
 76486 | Trove    | Entered a treasure trove
 76510 | Trove    | Got a scorched marble ring
 76511 | Trove    | Identified the ring "Bawa" {rF+ rN+} (You found it in a treasure trove)
 76521 | Trove    | Got a steaming brass amulet
 76522 | Trove    | Identified the amulet of Pride {Inacc rF- Str+4} (You found it in a treasure trove)
 76536 | Trove    | Learned a level 5 spell: Summon Mana Viper
 76540 | Trove    | Got a scintillating wooden ring
 76542 | Trove    | Identified the ring of Music {rC+ rN+ MR+} (You found it in a treasure trove)
 76554 | Trove    | Got a clouded wooden ring
 76555 | Trove    | Identified the ring of the Oracle {rF+ rC+ rN+} (You found it in a treasure trove)
 77207 | Depths:5 | Noticed Boris
 77215 | Depths:5 | Killed Boris
 77817 | Depths:5 | Reached skill level 16 in Spellcasting
 78023 | Depths:5 | Found a gate to the Realm of Zot.
 78652 | Shoals:1 | eh, it's not so bad
 80019 | Shoals:3 | is this a mermaid
 80344 | Shoals:3 | Reached skill level 17 in Spellcasting
 80355 | Shoals:3 | Learned a level 6 spell: Mass Confusion
 80453 | Shoals:3 | Noticed Polyphemus
 80474 | Shoals:3 | Killed Polyphemus
 80611 | Shoals:3 | Reached XP level 25. HP: 216/216 MP: 44/44
 80710 | Shoals:4 | Entered Level 4 of the Shoals
 80897 | Shoals:4 | Identified the Almanac of the Damaging Arsonist
 81089 | Shoals:4 | Noticed Ilsuiw
 81094 | Shoals:4 | Killed Ilsuiw
 81347 | Shoals:4 | Sank and fell apart

Vanquished Creatures
  Boris (Depths:5)
  Saint Roka (Depths:4)
  A golden dragon (Depths:3)
  5 liches
  4 deep elf blademasters (Elf:3)
  2 titans (Depths:3)
  A Shadow Fiend (Depths:2)
  2 deep elf master archers (Elf:3)
  A quicksilver dragon (Depths:3)
  2 acid blobs (Lair:6)
  2 sphinxes
  2 krakens
  Polyphemus (Shoals:3)
  Gastronok (Orc:2)
  A tengu reaver (Depths:2)
  A shadow dragon (Depths:4)
  4 storm dragons
  A revenant (Vaults:3)
  2 draconian monks (Depths:5)
  Ilsuiw (Shoals:4)
  5 fire giants
  11 deep elf sorcerers (Elf:3)
  Donald (Spider:3)
  An iron dragon (Depths:4)
  4 vault wardens
  9 frost giants
  6 emperor scorpions
  3 ghost moths (Spider:4)
  A spriggan defender (Depths:5)
  4 reapers (Depths:2)
  2 war gargoyles
  6 vampire knights
  A juggernaut skeleton (Depths:2)
  19 stone giants
  7 ironheart preservers
  A salamander stormcaller (Vaults:3)
  A green draconian (Depths:5)
  11 very ugly things
  6 dire elephants
  6 deep elf demonologists
  11 deep elf annihilators
  2 black draconians (Depths:5)
  A white draconian (Depths:5)
  42 spark wasps
  2 merfolk javelineers (Shoals:4)
  12 deep elf death magi
  17 ettins
  12 fire dragons
  11 great orbs of eyes
  9 deep elf high priests
  6 merfolk impalers
  Josephine (Spider:1)
  An entropy weaver (shapeshifter) (Depths:3)
  3 rakshasas
  7 vault guards
  14 yaktaur captains
  Fannar (Lair:3)
  3 jiangshi (Depths:2)
  Harold (Lair:3)
  A hell beast (Depths:2)
  14 ogre magi
  13 ice dragons
  12 entropy weavers
  5 hydras
  3 merfolk avatars (Shoals:3)
  A caustic shrike simulacrum (Depths:2)
  3 catoblepae
  13 centaur warriors
  5 spriggan air magi
  13 dancing weapons (Elf:2)
  5 deep troll shamans
  An anaconda (Lair:8)
  An iron giant skeleton (Depths:2)
  3 merfolk aquamancers (Shoals:4)
  A queen ant (Lair:4)
  A satyr (shapeshifter) (Depths:3)
  A vampire mage (Depths:2)
  7 deep troll earth magi
  8 tengu warriors
  4 death yaks
  2 soul eaters (Depths:2)
  Urug (Orc:2)
  10 spriggan berserkers
  18 deep elf knights
  6 iron trolls
  15 deep trolls
  2 titan skeletons (Depths:2)
  9 skeletal warriors
  A fire crab (Shoals:3)
  A salamander mystic (Vaults:3)
  6 spriggans
  A hell knight (Depths:5)
  2 wizards
  A spark wasp zombie (Depths:2)
  A storm dragon skeleton (Depths:2)
  A deep troll (shapeshifter) (Depths:3)
  2 golden dragon zombies (Depths:2)
  2 flayed ghosts
  6 necromancers
  5 phantasmal warriors
  A sea snake (shapeshifter) (Depths:3)
  3 giant orange brains
  8 deep elf summoners
  7 ironbrand convokers
  13 hill giants
  7 sea snakes
  Pikel (D:6)
  6 orc knights
  3 unseen horrors
  12 orb spiders
  16 harpies
  2 sphinx zombies (Depths:2)
  A wolf spider zombie (D:15)
  21 deep elf conjurers
  27 wolf spiders
  5 water nymphs
  4 orc sorcerers
  A shadow dragon skeleton (Depths:2)
  2 fire giant zombies (Depths:2)
  72 ugly things
  A frost giant zombie (Depths:2)
  9 hornets
  18 griffons
  2 shining eyes
  3 salamanders (Vaults:3)
  12 cyclopes
  An anubis guard (shapeshifter) (Elf:3)
  A cyclops (shapeshifter) (Vaults:3)
  An iron dragon skeleton (Depths:2)
  24 elephants
  3 sirens
  2 moths of wrath
  18 manticores
  Maurice (D:9)
  2 fire giant skeletons (Depths:2)
  A frost giant skeleton (Depths:2)
  6 black mambas
  14 vault sentinels
  3 ice statues
  3 gargoyles
  A centaur zombie (D:13)
  A torpor snail (shapeshifter) (Depths:2)
  2 torpor snails
  A water nymph (shapeshifter) (Depths:5)
  19 spiny frogs
  63 yaktaurs
  A yaktaur (shapeshifter) (Depths:1)
  3 spriggan zombies (Depths:2)
  3 centaur skeletons
  2 fire drakes
  9 komodo dragons
  8 demonic crawlers
  2 spark wasp simulacra (Depths:2)
  15 deep elf priests
  2 tengu conjurers
  A komodo dragon (shapeshifter) (Vaults:3)
  A red devil (Depths:2)
  4 freezing wraiths
  26 jumping spiders
  32 merfolk
  A merfolk (shapeshifter) (Depths:1)
  A polar bear (shapeshifter) (Depths:3)
  A tengu simulacrum (Depths:2)
  14 trolls
  3 polar bears
  16 blink frogs
  9 ice devils
  Grinder (D:6)
  A raiju (shapeshifter) (Depths:4)
  A boulder beetle (shapeshifter) (Depths:3)
  5 boulder beetles
  21 two-headed ogres
  43 slime creatures
  7 snapping turtles
  A fire giant simulacrum (Vaults:3)
  A flying skull (Vaults:3)
  A hog (shapeshifter) (Vaults:1)
  A stone giant simulacrum (Depths:2)
  3 spriggan skeletons (Depths:2)
  5 wraiths
  55 redbacks
  9 trapdoor spiders
  27 deep elf magi
  2 spriggan simulacra (Depths:2)
  An elf simulacrum (Depths:2)
  22 tarantellas
  8 water elementals
  2 shadows (D:14)
  11 hippogriffs
  3 fire bats (Shoals:3)
  23 wolves
  6 basilisks
  2 wyverns
  26 deep elf fighters
  49 yaks
  2 human simulacra
  2 hungry ghosts
  19 vampire mosquitoes
  2 steam dragons
  4 wargs
  3 mottled dragons
  A human zombie (Depths:2)
  Edmund (D:4)
  16 porcupines
  17 water moccasins
  A slave (D:6)
  21 soldier ants
  Duvessa (D:4)
  3 sky beasts
  24 orc warriors
  5 ice beasts
  A black bear (D:7)
  10 wasps
  23 centaurs
  13 boggarts
  3 eyes of draining
  2 phantoms
  An ogre (shapeshifter) (Depths:4)
  63 ogres
  20 crocodiles
  2 big kobolds
  Blork the orc (D:5)
  30 giant frogs
  Dowan (D:4)
  A water moccasin zombie (D:9)
  A gnoll sergeant (D:10)
  2 glowing shapeshifter simulacra (Depths:2)
  A wyvern skeleton (D:14)
  10 killer bees
  2 water moccasin skeletons (D:11)
  A scorpion (D:8)
  16 wights
  2 electric eels
  10 crimson imps
  10 hounds
  4 quasits
  A giant frog skeleton (D:12)
  A giant frog zombie (D:6)
  18 iguanas
  13 orc priests
  15 jellies
  Jessica (D:2)
  25 orc wizards
  An iron imp (Depths:4)
  31 worker ants
  45 sheep
  3 hound skeletons
  A worker ant zombie (D:5)
  13 gnolls
  A river rat (shapeshifter) (Depths:2)
  60 river rats
  5 adders
  5 shadow imps
  8 white imps (IceCv)
  4 ufetubi (IceCv)
  An adder zombie (D:5)
  4 oozes
  3 adder skeletons
  204 orcs
  7 giant cockroaches
  6 hobgoblins
  6 quokkas
  A ball python (D:2)
  12 bats
  2 giant geckos (D:6)
  3 giant newts
  10 goblins
  15 kobolds
  A quokka zombie (D:5)
  19 rats
  3 fungi
  6 plants
  2 tentacles (Shoals:2)
2327 creatures vanquished.

Vanquished Creatures (collateral kills)
  A golden dragon (Depths:5)
  A tentacled monstrosity (Depths:3)
  A deep elf blademaster (Elf:2)
  Wiglaf (Vaults:1)
  A vault warden (Vaults:3)
  A spriggan defender (Depths:3)
  A reaper (Depths:2)
  A deep elf demonologist (Elf:3)
  A deep elf annihilator (Elf:3)
  2 ettins
  A deep elf high priest (Elf:3)
  3 tengu warriors
  A spriggan berserker (Depths:2)
  2 deep elf knights
  An ironbrand convoker (Vaults:3)
  A yaktaur (Vaults:4)
  A tengu conjurer (Depths:3)
  A slime creature (Depths:2)
  A tarantella (Depths:3)
  2 deep elf fighters
  A deep elf mage (Elf:3)
  A hippogriff (Lair:8)
  An ogre (Depths:1)
  A plant (Lair:8)
29 creatures vanquished.

Vanquished Creatures (others)
  A spark wasp (Depths:3)
  A centaur warrior (Depths:1)
  A merfolk aquamancer (Shoals:3)
  10 dancing weapons
  A yaktaur (Vaults:3)
  A two-headed ogre (Vaults:1)
  A wolf (Lair:6)
  A black bear (shapeshifter) (Depths:1)
  A boggart (Vaults:2)
  A shadow imp (D:6)
  3 white imps (IceCv)
  2 ufetubi (IceCv)
  3 orcs
  A quokka (D:6)
  A quokka skeleton (D:6)
  A bush (Elf:3)
  26 fungi
  32 plants
  9 tentacles
  578 tentacle segments (Shoals:2)
675 creatures vanquished.

Grand Total: 3031 creatures vanquished
